Map: Catalyst LE

Players

Minatoeh (Minato) - Winner!

  • Race: Zerg Zerg
  • League: Master
  • Spawn Location: 5:00

Rail

  • Race: Protoss Protoss
  • Spawn Location: 11:00

Event: WESG Barcelona European Finals 2017

VOD

Have the link to the VOD?

Description

Time

  • Played on: Nov. 25, 2017, 7:50 a.m.
  • Length: 6:45

All games in this series

Show
View Real Time Build Order
Export as new Build Order

Minatoeh Zerg - Winner!

Build Orders: Hatch First 

Get SALT Encoding   

  12  0:00  Drone  
  13  0:13  Overlord  
  13  0:17  Drone  
  14  0:31  Drone x2  
  14  0:35  Drone  
  17  0:52  Hatchery  
  17  0:55  Drone  
  17  0:58  Drone  
  18  1:10  Extractor  
  17  1:15  Spawning Pool  
  17  1:17  Drone  
  17  1:21  Drone  
  18  1:28  Drone  
  19  1:41  Overlord  
  19  1:51  Drone  
  20  2:01  Zergling x2, Queen  
  20  2:04  Queen  
  20  2:05  Drone  
  26  2:13  Drone  
  26  2:14  Metabolic Boost  
  27  2:16  Drone  
  28  2:23  Drone  
  28  2:26  Drone  
  30  2:32  Drone  
  31  2:39  Hatchery  
  30  2:45  Queen  
  30  2:50  Overlord  
  32  2:54  Zergling x4  
  32  2:56  Zergling x2  
  35  2:58  Drone  
  35  3:05  Overlord  
  36  3:13  Drone x2  
  36  3:18  Drone x4  
  42  3:20  Spore Crawler  
  42  3:21  Drone  
  42  3:25  Drone  
  43  3:27  Drone  
  43  3:33  Overlord  
  44  3:38  Lair  
  44  3:49  Spore Crawler  
  44  3:50  Queen, Drone  
  44  3:51  Drone x2  
  44  3:52  Drone  
  44  3:54  Drone  
  50  3:58  Drone x2  
  50  3:59  Drone  
  53  4:03  Drone  
  53  4:05  Drone x2  
  53  4:06  Drone  
  53  4:07  Drone  
  58  4:11  Extractor  
  58  4:12  Extractor  
  58  4:13  Spore Crawler  
  58  4:14  Drone  
  56  4:19  Extractor  
  56  4:20  Drone x3  
  57  4:29  Overlord x3  
  58  4:32  Overlord  
  58  4:39  Hydralisk Den  
  57  4:46  Overlord  
  57  4:47  Zergling x2  
  57  4:48  Zergling x6  
  61  4:53  Zergling x8  
  61  4:54  Zergling x2  
  66  5:04  Overlord  
  66  5:09  Hydralisk x3, Muscular Augments  
  66  5:11  Zergling x6  
  75  5:14  Hydralisk  
  75  5:18  Hydralisk  
  75  5:19  Zergling x2  
  80  5:23  Hydralisk  
  80  5:24  Zergling x2  
  81  5:35  Hydralisk, Zergling x8  
  85  5:37  Zergling x2  
  85  5:41  Zergling x2  
  85  5:42  Zergling x4  
  90  5:46  Hydralisk  
  90  5:47  Zergling x2  
  90  5:49  Zergling x2  
  94  5:51  Overlord  
  94  5:59  Zergling x8  
  98  6:09  Zergling x4  
  98  6:10  Zergling x10  
  102  6:13  Zergling x4  
  102  6:16  Zergling x2  
  104  6:20  Zergling x2  
  104  6:21  Zergling x2  
  102  6:27  Zergling x4  
Show
View Real Time Build Order
Export as new Build Order

Rail Protoss 

Build Orders: 1 Gate Expand, Oracle Opening, Phoenix Opening, Zealot Archon 

Get SALT Encoding   

  12  0:00  Probe (Chrono Boost)  
  13  0:12  Probe (Chrono Boost)  
  14  0:15  Probe  
  15  0:22  Pylon  
  15  0:40  Probe, Gateway  
  16  0:45  Assimilator  
  16  0:52  Probe  
  17  1:04  Probe (Chrono Boost)  
  18  1:16  Probe (Chrono Boost)  
  19  1:22  Nexus  
  19  1:30  Cybernetics Core  
  19  1:33  Probe  
  19  1:39  Assimilator  
  20  1:46  Probe  
  21  1:50  Pylon  
  21  1:58  Probe  
  22  2:08  Stalker  
  24  2:11  Probe (Chrono Boost)  
  25  2:20  Probe (Chrono Boost)  
  26  2:24  Stargate  
  26  2:27  Probe (Chrono Boost)  
  27  2:33  Warp Gate  
  27  2:35  Probe (Chrono Boost)  
  28  2:43  Adept  
  32  2:45  Probe x2 (Chrono Boost)  
  32  2:49  Probe  
  33  2:53  Probe  
  34  3:01  Probe  
  35  3:05  Gateway  
  35  3:07  Oracle (Chrono Boost)  
  35  3:10  Probe (Chrono Boost)  
  39  3:13  Adept  
  42  3:20  Pylon  
  42  3:22  Probe (Chrono Boost)  
  42  3:24  Probe (Chrono Boost)  
  43  3:31  Probe x2 (Chrono Boost)  
  45  3:36  Probe, Pylon  
  46  3:41  Probe  
  46  3:43  Phoenix (Chrono Boost)  
  49  3:48  Probe  
  49  3:50  Assimilator  
  49  3:52  Assimilator  
  49  3:53  Probe  
  51  3:57  Oracle  
  51  4:00  Pylon  
  51  4:01  Probe  
  55  4:05  Probe  
  56  4:13  Probe  
  56  4:15  Pylon  
  57  4:17  Probe  
  58  4:25  Probe  
  58  4:30  Robotics Facility  
  58  4:31  Probe, Twilight Council  
  60  4:34  Forge  
  60  4:37  Probe  
  61  4:48  Nexus  
  61  4:49  Pylon  
  61  4:53  Zealot x2  
  61  4:57  Charge  
  67  5:00  Protoss Ground Weapons Level 1 (Chrono Boost)  
  67  5:05  Gateway x2  
  65  5:15  Probe  
  65  5:17  Warp Prism  
  68  5:24  Templar Archives  
  68  5:25  Probe  
  69  5:29  Probe  
  70  5:37  Probe  
  70  5:41  Probe  
  70  5:42  Gateway  
  72  5:43  Gateway  
  72  5:49  Probe, Gateway  
  73  5:50  Gateway  
  73  5:54  Observer  
  74  5:58  Photon Cannon, Pylon  
  74  6:06  Sentry  
  74  6:07  Probe x2  
  74  6:10  Probe  
  79  6:14  Zealot  
  79  6:18  High Templar x2  
  85  6:19  Probe x2  
  85  6:22  Probe  
  84  6:28  Archon  
  84  6:30  Stalker  
  80  6:37  Stalker  
  80  6:39  Zealot x2  
Tags
 
Add a new tag
Caveats
  • Supply blocks, unpowered buildings, or Contaminate may cause inaccurate times.
  • Supply counts are checked every 10 seconds.